AoeStats
← harooooo

Four Lakes

507949960Analyzed
1v1 RM · 12d ago on Sep 20, 2026· 24m 58s· 2 players
Game mode
Random Map
Map size
Tiny (2 player)
Population
200
Speed
Normal
Resources
Standard
Victory
Conquest
Starting age
Dark Age
Ending age
Imperial Age
RankedLock teamsTeams togetherTeam positionsShared explorationLock speedFull tech treeHidden civsTurbo modeCheats
Victory
Defeat
🇧🇦 Maya · Bosnia & Herzegovina
1876
+8
🇧🇷 Malians · Brazil
1675
-8
harooooo
0:26 Loom
9:39 Feudal Age
10:33 Double-Bit Axe
11:02 Fishing Lines
11:23 Fishing Lines
17:59 Castle Age
16:09 Gold Mining
16:56 Scale Mail Armor
17:07 Forging
18:14 Arson
18:50 Eagle Warrior
19:51 Chain Mail Armor
19:42 Gillnets
21:14 Bow Saw
21:25 Squires
F4T
7:57 Loom
10:03 Feudal Age
10:36 Double-Bit Axe
13:07 Fletching
16:36 Castle Age
15:13 Padded Archer Armor
15:18 Horse Collar
15:33 Gold Mining
16:37 Crossbowman
17:13 Bodkin Arrow
25:08 Wheelbarrow
Connection lost

Rejoining the realm…

Still unreachable

The connection could not be restored.

Session expired

The server has moved on; the page needs a fresh start.